 Dungeon Crawl Stone Soup version 0.26-a0-1129-gc5df7fbe6a (webtiles) character file.

Game seed: 15564643272607130505

91 Dracia the Ruffian (level 4, -2/44 HPs)
             Began as a Troll Fighter on Dec 18, 2020.
             Slain by Sigmund
             ... wielding a +0 scythe
              (8 damage)
             ... on level 2 of the Dungeon.
             The game lasted 00:01:25 (1011 turns).

Dracia the Ruffian (Troll Fighter)                  Turns: 1011, Time: 00:01:27

Health: -2/44      AC:  7    Str: 24    XL:     4   Next: 34%
Magic:  3/3        EV: 12    Int:  4    God:
Gold:   139        SH:  9    Dex: 10    Spells: 3/3 levels left

rFire    . . .     SeeInvis .     - Unarmed
rCold    . . .     Faith    .   b - +0 kite shield
rNeg     . . .     Spirit   .   a - +0 robe
rPois    .         Reflect  .   (helmet restricted)
rElec    .         Harm     .   l - +0 cloak
rCorr    .         Rampage  .   (gloves unavailable)
Will     .....                  (boots unavailable)
Stlth    +.........             g - amulet of magic regeneration
HPRegen  0.54/turn              E - +4 ring of evasion
MPRegen  0.33/turn              (no ring)

@: no status effects
A: large, unfitting armour, claws 3, regeneration 1, shaggy fur 1, tough skin 3
a: no special abilities


You were on level 2 of the Dungeon.
You visited 1 branch of the dungeon, and saw 2 of its levels.

You collected 139 gold pieces.


Innate Abilities, Weirdness & Mutations

You are too large for most types of armour.
You have claws for hands.
Your natural rate of healing is unusually fast.
You are covered in fur. (AC +1)
You have extremely tough skin. (AC +3)


   Skills:
 - Level 2.4 Fighting
 - Level 2.4 Dodging
 + Level 3.1 Shields
 * Level 3.9 Unarmed Combat


You had 3 spell levels left.
You didn't know any spells.
Your spell library was empty.

Inventory:

Missiles
 j - 12 poisoned darts (quivered)
Armour
 a - a +0 robe (worn)
 b - a +0 kite shield (worn)
 l - a +0 cloak (worn)
Jewellery
 g - an amulet of magic regeneration (around neck)
 E - a +4 ring of evasion (left claw)
Scrolls
 d - 6 scrolls of identify {unknown}
 i - a scroll of amnesia {unknown}
 k - 3 scrolls of remove curse {unknown}
Potions
 c - 2 potions of might
 e - a potion of flight {unknown}
 f - a potion of ambrosia {unknown}
 h - a potion of lignification {unknown}
 m - a potion of degeneration {unknown}
 n - a potion of haste {unknown}

Dungeon Overview and Level Annotations

Branches:
Dungeon (2/15)

Altars:
Uskayaw
Xom

Annotations:
D:2 Sigmund

#.# ### #.# #..
..# #.# #.#
#.#####.# #.#
#.##....+ #.#
#.##.##.# #.#
#.##.##.# #{#
#>##.##.#
##@####.......#
#...#.......###
###.#.#.##..#
#.#.#..#..#
#.#.#.......
#.#.#..#..#.#
#.....#...#.#
###.......# #
#########


There were no monsters in sight!


Message History

You barely miss something. You miss something. Something hits you!
You closely miss something. Something hits you.
You closely miss something.
Your shield prevents you from hitting something.
Something hits you!
You closely miss something. Something hits you!
* * * LOW HITPOINT WARNING * * *
You miss something.
Your shield prevents you from hitting something.
You hear some strange, mumbled words.
You are confused.
You bump into the rock wall.
Something hits you but does no damage. Something hits you.
* * * LOW HITPOINT WARNING * * *
You bump into the rock wall.
You bump into the rock wall.
Something hits you.
* * * LOW HITPOINT WARNING * * *
You're too confused to move!
You feel less confused. Something hits you.
* * * LOW HITPOINT WARNING * * *
You scratch something but do no damage. Something hits you.
* * * LOW HITPOINT WARNING * * *
You scratch something but do no damage. You block something's attack.
You scratch something. You barely miss something. Something hits you!
* * * LOW HITPOINT WARNING * * *
You scratch something but do no damage. Something hits you!
You die...

Skill      XL: |  1  2  3 |
---------------+----------+-----
Unarmed Combat | 3 |  3.9
Shields        | 3 |  3.1
Fighting       | |  2.4
Dodging        | |  2.4

Action                   |  1- 3 |  4- 6 || total
-------------------------+-------+-------++-------
Melee: Unarmed           |   100 |    16 ||   116
 Stab: Sleeping          |     1 |       ||     1
Armor: Robe              |    26 |     4 ||    30
Dodge: Dodged            |    51 |     1 ||    52
Block: Kite shield       |    54 |     2 ||    56

Levels and vault maps discovered:
D:1:      denvon_arrival_planthouse, layout_loops_ring,
          chequers_serial_rivers_micro_d, minivault_23
D:2:      layout_basic, lemuel_coloured_pillars_altar,
          eat_drink_and_be_merry_uskayaw, chequers_ecumenical_altar_simple,
          uniq_sigmund, uniq_jessica

Notes
Turn   | Place    | Note
-------+----------+-------------------------------------------
     0 | D:1      | Dracia the Troll Fighter began the quest for the Orb.
     0 | D:1      | Reached XP level 1. HP: 22/22 MP: 0/0
    76 | D:1      | Reached XP level 2. HP: 29/29 MP: 1/1
   338 | D:1      | Reached skill level 3 in Unarmed Combat
   340 | D:1      | Reached XP level 3. HP: 36/36 MP: 2/2
   727 | D:2      | Found a faded altar of an unknown god.
   787 | D:2      | Found a shimmering altar of Xom.
   830 | D:2      | Reached skill level 3 in Shields
   868 | D:2      | Noticed Jessica
   881 | D:2      | Killed Jessica
   882 | D:2      | Reached XP level 4. HP: 34/44 MP: 3/3
   918 | D:2      | Found a hide-covered altar of Uskayaw.
   987 | D:2      | Noticed Sigmund
  1011 | D:2      | Slain by Sigmund

Vanquished Creatures
  Jessica (D:2)
  An adder (D:2)
  An ooze (D:1)
  A dart slug (D:1)
  2 leopard geckos (D:1)
  A ball python (D:1)
  3 bats (D:1)
  2 giant cockroaches (D:1)
  4 goblins
  8 hobgoblins
  7 jackals
  2 kobolds (D:1)
  2 quokkas (D:2)
  3 frilled lizards
  4 rats (D:1)
42 creatures vanquished.

Table legend: (Time is in decaauts)
 A = Elapsed time spent in this place.
 B = Non-inter-level travel time spent in this place.
 C = Inter-level travel time spent in this place.
 D = Time resting spent in this place.
 E = Time spent auto-exploring this place.
 F = Levels seen in this place.
 G = Mean time per level.
                   A        B        C        D        E       F      G
               +--------+--------+--------+--------+--------+-----+--------+
         Total |   1012 |    991 |     21 |      0 |    765 |   2 |  506.0 |
       Dungeon |   1012 |    991 |     21 |      0 |    765 |   2 |  506.0 |
               +--------+--------+--------+--------+--------+-----+--------+

Top non-repeatable levels by time:
     D:1: 643 daAuts
     D:2: 368 daAuts

Table legend:
 A = Non-vault XP
 B = Vault XP
 C = Vault XP percentage of total XP
 D = Non-vault monster count
 E = Vault monster count
 F = Vault count percentage of total count
                 A         B        C        D         E       F
            +---------+---------+-------+---------+---------+-------
      Total |      94 |      37 |  28.2 |      41 |       1 |   2.4
            +---------+---------+-------+---------+---------+-------
        D:1 |      55 |       0 |   0.0 |      26 |       0 |   0.0
        D:2 |      39 |      37 |  48.7 |      15 |       1 |   6.2
            +---------+---------+-------+---------+---------+-------
